 Dungeon Crawl Stone Soup version 0.21-a0-140-g479285b (webtiles) character file.

232 Ordine the Magician (level 5, -2/28 HPs)
             Began as a Deep Elf Wizard on July 20, 2017.
             Slain by Menkaure (18 damage)
             ... on level 4 of the Dungeon.
             The game lasted 00:07:56 (3584 turns).

Ordine the Magician (Deep Elf Wizard)               Turns: 3584, Time: 00:07:57

Health: -2/28      AC:  2    Str:  4    XL:     5   Next: 73%
Magic:  6/15       EV: 19    Int: 24    God:
Gold:   177        SH:  0    Dex: 18    Spells: 6/15 levels left

rFire    . . .     SeeInvis .   p - +0 quarterstaff
rCold    . . .     Gourm    .   (shield currently unavailable)
rNeg     . . .     Faith    .   a - +0 robe
rPois    .         Spirit   .   b - +0 hat
rElec    .         Reflect  .   (no cloak)
rCorr    .         Harm     .   (no gloves)
MR       +....                  (no boots)
Stlth    ++++......             (no amulet)
HPRegen  0.09/turn              i - ring of protection from magic
MPRegen  0.14/turn              (no ring)

@: agile, flying, very slightly contaminated
A: no striking features
a: no special abilities


You were on level 4 of the Dungeon.
You were not hungry.

You visited 1 branch of the dungeon, and saw 4 of its levels.

You collected 177 gold pieces.

Inventory:

Hand Weapons
 p - a +0 quarterstaff (weapon)
Armour
 a - a +0 robe (worn)
 b - a +0 hat (worn)
Jewellery
 i - a ring of protection from magic (left hand)
Scrolls
 f - a scroll of recharging
 g - a scroll of enchant weapon {unknown}
 n - a scroll of immolation {unknown}
 q - 2 scrolls of blinking {unknown}
 r - a scroll of amnesia {unknown}
Potions
 e - 2 potions of brilliance
 h - a potion of invisibility
 m - a potion of flight
Books
 c - a book of Minor Magic

   Spells                             Type                      Level
   a - Magic Dart                     Conjuration                  1
   b - Blink                          Translocation                2
   c - Call Imp                       Summoning                    2
   d - Slow                           Hexes                        2
   e - Conjure Flame                  Conjuration/Fire             3
   f - Mephitic Cloud                 Conjuration/Poison/Air       3
Comestibles
 d - 4 bread rations
 k - 2 fruits
 o - a chunk of flesh


   Skills:
 + Level 3.5 Dodging
 + Level 3.9 Stealth
 + Level 5.5 Spellcasting
 + Level 2.4 Conjurations
   Level 1.1 Summonings
 + Level 2.4 Translocations
 + Level 1.4 Fire Magic
 + Level 1.6 Air Magic


You had 6 spell levels left.
You knew the following spells:

 Your Spells              Type           Power        Failure   Level  Hunger
a - Magic Dart            Conj           ###.         3%          1    None
b - Blink                 Tloc           N/A          4%          2    None
c - Conjure Flame         Conj/Fire      ###.....     11%         3    #......
d - Mephitic Cloud        Conj/Pois/Air  ##......     14%         3    #......


Dungeon Overview and Level Annotations

Branches:
Dungeon (4/15)
 Temple: D:4-7

Altars:
Elyvilon
Okawaru
Qazlal
Zin
The Shining One

Annotations:
D:4 Menkaure


Message History

Your body is wracked with pain!
Casting: Magic Dart
Confirm with . or Enter, or press ? or * to list all spells.
Aiming: Magic Dart
Press: ? - help, Shift-Dir - straight line, f/p - Menkaure
Aim: Menkaure (moderately damaged, fast)
You miscast Magic Dart.
You are very lightly contaminated with residual magic.
The air around you crackles with energy!
Menkaure barely misses you.
Casting: Magic Dart
Confirm with . or Enter, or press ? or * to list all spells.
Aiming: Magic Dart
Press: ? - help, Shift-Dir - straight line, f/p - Menkaure
Aim: Menkaure (moderately damaged, fast)
The magic dart hits Menkaure.
Menkaure is moderately damaged.
Menkaure hits you!!
Ouch! That really hurt!
You die...

#. .# .#
#.###.###.#
......... .......
#....# #.#.##
#....# #M#..#
#@##.# ###.##.###
#..........
#.####.#### #.# #
#####.####.#
##^(.....^(.#
#ยง###โ‰ˆ..###.##
#..
#โ‰ˆ(.โ‰ˆ##^..


You could see Menkaure.

Vanquished Creatures
  Natasha (thrice) (D:3)
  A gnoll (D:1)
  7 adders
  3 worms
  A dart slug (D:1)
  A leopard gecko (D:2)
  3 orcs (D:4)
  A ball python (D:2)
  4 giant cockroaches
  12 goblins
  8 hobgoblins
  5 jackals
  8 bats
  8 frilled lizards
  3 kobolds
  5 rats
73 creatures vanquished.

Notes
Turn   | Place    | Note
-------+----------+-------------------------------------------
     0 | D:1      | Ordine the Deep Elf Wizard began the quest for the Orb.
     0 | D:1      | Reached XP level 1. HP: 10/10 MP: 7/7
    30 | D:1      | Reached XP level 2. HP: 15/15 MP: 1/9
   102 | D:1      | Learned a level 2 spell: Blink
   401 | D:1      | Reached XP level 3. HP: 15/19 MP: 3/11
   406 | D:1      | Learned a level 3 spell: Conjure Flame
   410 | D:1      | Learned a level 3 spell: Mephitic Cloud
   713 | D:1      | Reached skill level 5 in Spellcasting
  1215 | D:2      | Reached XP level 4. HP: 20/24 MP: 5/13
  1644 | D:2      | Reached skill level 1 in Fire Magic
  2578 | D:3      | Found a white marble altar of Elyvilon.
  2679 | D:3      | Noticed Natasha
  2715 | D:3      | Killed Natasha
  2715 | D:3      | Reached skill level 1 in Air Magic
  2715 | D:3      | Reached XP level 5. HP: 5/28 MP: 0/14
  2992 | D:3      | Noticed Natasha
  2995 | D:3      | Killed Natasha
  3136 | D:3      | Noticed Natasha
  3146 | D:3      | Killed Natasha
  3227 | D:3      | Found a glowing silver altar of Zin.
  3230 | D:3      | Found a glowing golden altar of the Shining One.
  3230 | D:3      | Found an iron altar of Okawaru.
  3546 | D:4      | Found a stormy altar of Qazlal.
  3568 | D:4      | Noticed Menkaure
  3584 | D:4      | Slain by Menkaure

Vault maps used:
D:1:      lemuel_arrival_funnel
D:3:      nicolae_overflow_crystal_walls, grunt_temple_overflow_diamond,
          uniq_natasha
D:4:      nicolae_dithmenos_the_darkroom, gammafunk_temple_overflow_forgotten,
          first_bread, roderic_roman_lattice, grunt_qazlal_sundering,
          uniq_grinder, uniq_menkaure, uniq_sigmund

Skill      XL: |  1  2  3  4 |
---------------+-------------+-----
Conjurations   | 2 |  2.4
Spellcasting   | 5 |  5.5
Dodging        | 3 |  3.5
Translocations | 2 |  2.4
Stealth        | 3 |  3.9
Fire Magic     | 1 |  1.4
Air Magic      | 1 |  1.6
Summonings     | |  1.1

Action                   |  1- 3 |  4- 6 || total
-------------------------+-------+-------++-------
Melee: Unarmed           |     4 |     7 ||    11
       Quarterstaff      |       |     2 ||     2
 Cast: Magic Dart        |    80 |   139 ||   219
       Conjure Flame     |     1 |     2 ||     3
       Mephitic Cloud    |       |     1 ||     1
  Use: Scroll            |     3 |       ||     3
       Potion            |       |     4 ||     4
  Eat: Chunk             |       |     8 ||     8
Armor: Robe              |     5 |     4 ||     9
Dodge: Dodged            |    10 |    31 ||    41
